 Dungeon Crawl Stone Soup version 0.22-a0-430-g6609fc6 (webtiles) character file.

235 George the Slasher (level 5, -5/45 HPs)
             Began as a Minotaur Fighter on May 26, 2018.
             Killed by nerve-wracking pain
             ... invoked by a shadow imp
              (13 damage)
             ... on level 5 of the Dungeon.
             The game lasted 00:02:56 (1794 turns).

George the Slasher (Minotaur Fighter)               Turns: 1794, Time: 00:02:57

Health: -5/45      AC:  6    Str: 27    XL:     5   Next: 76%
Magic:  4/4        EV:  7    Int:  5    God:
Gold:   122        SH: 10    Dex:  9    Spells: 4/4 levels left

rFire    . . .     SeeInvis .   a - +0 long sword
rCold    . . .     Gourm    .   c - +0 shield
rNeg     . . .     Faith    .   b - +0 scale mail
rPois    .         Spirit   .   (helmet restricted)
rElec    .         Reflect  .   (no cloak)
rCorr    .         Harm     .   (no gloves)
MR       .....                  (no boots)
Stlth    ..........             (no amulet)
HPRegen  0.15/turn              (no ring)
MPRegen  0.09/turn              (no ring)

@: mighty
A: retaliatory headbutt, horns 2
a: no special abilities


You were on level 5 of the Dungeon.
You were hungry.

You visited 2 branches of the dungeon, and saw 5 of its levels.

You collected 122 gold pieces.

Inventory:

Hand Weapons
 a - a +0 long sword (weapon)
Armour
 b - a +0 scale mail (worn)
 c - a +0 shield (worn)
Wands
 l - a wand of iceblast (12)
Scrolls
 g - 2 scrolls of blinking {unknown}
 h - 2 scrolls of remove curse {unknown}
 i - 4 scrolls of teleportation {unknown}
 n - 3 scrolls of identify {unknown}
Potions
 d - a potion of might
 e - 2 potions of invisibility {unknown}
 j - 2 potions of curing
 k - a potion of lignification {unknown}
Comestibles
 f - 6 rations


   Skills:
 - Level 3.6 Fighting
 + Level 7.4 Long Blades
 - Level 3.6 Armour
 - Level 3.6 Shields


You had 4 spell levels left.
You didn't know any spells.
Your spell library was empty.

Dungeon Overview and Level Annotations

Branches:
Dungeon (5/15)             Temple (1/1) D:5

Altars:
Ashenzari
Fedhas
Kikubaaqudgha
Nemelex Xobeh
Ru
Trog
Uskayaw
Wu Jian
Xom
Yredelemnul
Zin


Innate Abilities, Weirdness & Mutations

You reflexively headbutt those who attack you in melee.
You have a pair of horns on your head.


Message History

Your Long Blades skill increases to level 6!
You have reached level 5!
You block the scorpion's attack.
Your shield and scale mail prevent you from hitting the scorpion.
You block the scorpion's attack.
You slash the scorpion! Your headbutt misses the scorpion.
The scorpion is almost dead.
The scorpion stings you.
* * * LOW HITPOINT WARNING * * *
You are lethally poisoned!
The scorpion poisons you!
You slash the scorpion!
You kill the scorpion!
Your Long Blades skill increases to level 7!
* * * LOW HITPOINT WARNING * * *
You feel sick.
It was a potion of curing.
You feel better. The shadow imp gestures at you. Pain shoots through your body!
You die...

#.... #..)..#.<....#.
#.... #..# #...###...
##....# #..# #.⌠.# #...
... ... #..###...###...
...##.###............##
............⌠..>..⌠.##
.##..[............#
##5##..###...####
#@##..# #.⌠.# #.#####
#...# #.# .#### ... #
... #.... #.... #.....


You could see a shadow imp.

Vanquished Creatures
  An ice beast (D:5)
  A scorpion (D:5)
  A gnoll (D:1)
  3 adders (D:3)
  2 dart slugs (D:1)
  2 leopard geckos
  An orc (D:3)
  2 ball pythons
  4 giant cockroaches
  5 goblins
  2 hobgoblins
  6 jackals
  6 kobolds
  3 bats (D:1)
  4 frilled lizards
  4 rats
47 creatures vanquished.

Notes
Turn   | Place    | Note
-------+----------+-------------------------------------------
     0 | D:1      | George the Minotaur Fighter began the quest for the Orb.
     0 | D:1      | Reached XP level 1. HP: 19/19 MP: 0/0
   108 | D:1      | Reached skill level 3 in Long Blades
   173 | D:1      | Reached XP level 2. HP: 24/26 MP: 1/1
   306 | D:1      | Reached skill level 4 in Long Blades
   371 | D:1      | Reached XP level 3. HP: 31/31 MP: 2/2
   679 | D:2      | Found a blossoming altar of Fedhas.
   712 | D:2      | Found a basalt altar of Yredelemnul.
  1426 | D:3      | Reached skill level 5 in Long Blades
  1431 | D:3      | Reached XP level 4. HP: 32/39 MP: 3/3
  1628 | D:3      | You fall through a shaft for 2 floors!
  1628 | D:5      | Entered Level 5 of the Dungeon
  1675 | D:5      | Found a staircase to the Ecumenical Temple.
  1683 | Temple   | Entered the Ecumenical Temple
  1770 | D:5      | Noticed an ice beast
  1790 | D:5      | Killed an ice beast
  1790 | D:5      | Reached skill level 6 in Long Blades
  1790 | D:5      | Reached XP level 5. HP: 6/45 MP: 4/4
  1793 | D:5      | Reached skill level 7 in Long Blades
  1793 | D:5      | HP: 1/45 [poisoned by a scorpion]
  1794 | D:5      | Killed from afar by a shadow imp

Vault maps used:
D:1:      kilobyte_arrival_exit_the_forest, minmay_misc_feat_alley
D:2:      nicolae_overflow_crystal_walls, overflow_temple_1_default,
          grunt_decor_one_mirror
D:3:      chequers_ecumenical_altar_simple
D:5:      lemuel_round_altar, minmay_temple_entry_junction, first_ration,
          kennysheep_nub, st_stairs_1, dk_rats_in_the_wall
Temple:   dpeg_three_leaves_temple

Skill      XL: |  1  2  3  4  5 |
---------------+----------------+-----
Long Blades    | 3 4 5 6 7 |  7.4
Fighting       | |  3.6
Armour         | |  3.6
Shields        | |  3.6

Action                   |  1- 3 |  4- 6 || total
-------------------------+-------+-------++-------
Melee: Long sword        |    76 |    33 ||   109
       Headbutt          |    12 |     1 ||    13
  Use: Potion            |       |     2 ||     2
  Eat: Chunk             |     2 |       ||     2
Armor: Scale mail        |    20 |    12 ||    32
Dodge: Dodged            |    28 |     5 ||    33
Block: Shield            |    52 |    11 ||    63
       Rpst.: Long sword |     9 |     1 ||    10

Table legend:
 A = Spawn XP
 B = Non-spawn XP
 C = Spawn XP percentage of total XP
 D = Spawn monster count
 E = Non-spawn monster count
 F = Spawn count percentage of total count
 G = Total turns spent on level
                    A         B        C        D         E        F      G
               +---------+---------+-------+---------+---------+-------+---------
         Total |       0 |     336 |   0.0 |       0 |      47 |   0.0 |  1794
               +---------+---------+-------+---------+---------+-------+---------
           D:1 |       0 |      52 |   0.0 |       0 |      21 |   0.0 |   631
           D:2 |       0 |      16 |   0.0 |       0 |       9 |   0.0 |   752
           D:3 |       0 |      65 |   0.0 |       0 |      15 |   0.0 |   245
           D:5 |       0 |     203 |   0.0 |       0 |       2 |   0.0 |    82
               +---------+---------+-------+---------+---------+-------+---------
